 Dungeon Crawl Stone Soup version 0.29.1-15-g9cfb28693d (webtiles) character file.

Game seed: 14090890586336427062

3763 croobank the Destroyer (level 10, -5/74 HPs)
             Began as a Gnoll Conjurer on May 2, 2023.
             Was a Priest of the Shining One.
             Shot with a bolt by an orc warrior (11 damage)
             ... in a bailey.
             The game lasted 00:31:14 (10627 turns).

croobank the Destroyer (Gnoll Conjurer)            Turns: 10627, Time: 00:31:14

Health: -5/74      AC:  9    Str:  6    XL:     10   Next: 15%
Magic:  20/20      EV: 12    Int: 23    God:    the Shining One [***...]
Gold:   423        SH:  0    Dex: 16    Spells: 9/23 levels left

rFire   . . .      SeeInvis .   a - +4 dagger
rCold   . . .      Faith    .   (no shield)
rNeg    + . .      Spirit   .   n - +1 ring mail
rPois   .          Reflect  .   o - +0 helmet
rElec   .          Harm     .   (no cloak)
rCorr   .          Rampage  .   B - +0 pair of gloves
Will    .....                   (no boots)
Stlth   +.........              (no amulet)
HPRegen 0.22/turn               f - +6 ring of dexterity
MPRegen 0.17/turn               D - ring of wizardry

@: glowing, studying Throwing, very slow
A: fangs 1, strong nose, distributed training
a: Renounce Religion, Divine Shield, Cleansing Flame


You were in a bailey.
You worshipped the Shining One.
The Shining One was most pleased with you.
You visited 1 branch of the dungeon, and saw 7 of its levels.
You also visited: Bailey.

You collected 423 gold pieces.

Inventory:

Hand Weapons
 a - a +4 dagger (weapon)
 b - a +2 dagger of distortion
 d - a +0 short sword
 k - a +0 quarterstaff
 l - a +0 war axe of freezing
 w - a +1 dagger of venom
 F - a +0 arbalest
Missiles
 h - 18 poisoned darts
 m - 2 boomerangs of dispersal
 A - 2 boomerangs
Armour
 j - a +0 tower shield
 n - a +1 ring mail (worn)
 o - a +0 helmet (worn)
 r - a +2 robe of willpower
 B - a +0 pair of gloves (worn)
Jewellery
 f - a +6 ring of dexterity (left hand)
 i - a ring of protection from fire
 D - a ring of wizardry (right hand)
Wands
 s - a wand of roots (4)
 y - a wand of paralysis (8)
 C - a wand of mindburst (12)
 E - a wand of acid (11)
Scrolls
 c - 2 scrolls of teleportation
 v - a scroll of silence
 x - a scroll of amnesia
 z - a scroll of vulnerability
Potions
 e - 8 potions of curing
 g - 2 potions of attraction
 p - 2 potions of flight
 q - a potion of lignification
 t - 3 potions of brilliance
 u - a potion of haste


   Skills:
 + Level 5.2 Fighting
 + Level 5.2 Short Blades
 + Level 5.2 Long Blades
 + Level 5.2 Axes
 + Level 5.2 Maces & Flails
 + Level 5.2 Polearms
 + Level 5.2 Staves
 + Level 5.2 Ranged Weapons
 + Level 6.7 Throwing
 + Level 5.2 Armour
 + Level 7.0 Dodging
 + Level 6.7 Stealth
 + Level 5.2 Shields
 + Level 5.2 Unarmed Combat
 + Level 7.3 Spellcasting
 + Level 8.4 Conjurations
 + Level 4.3 Hexes
 + Level 4.3 Summonings
 + Level 4.3 Necromancy
 + Level 4.3 Translocations
 + Level 4.3 Transmutations
 + Level 4.3 Fire Magic
 + Level 4.3 Ice Magic
 + Level 4.3 Air Magic
 + Level 4.3 Earth Magic
 + Level 4.3 Poison Magic
 + Level 5.7 Invocations
 + Level 5.2 Evocations


You had 9 spell levels left.
You knew the following spells:

 Your Spells              Type           Power      Damage    Failure   Level
a - Magic Dart            Conj           100%       1d8       1%          1
b - Searing Ray           Conj           94%        2d7       1%          2
c - Dazzling Flash        Conj/Hex       74%        N/A       2%          3
d - Iskenderun's Mystic   Conj/Tloc      37%        2d9       8%          4
e - Fulminant Prism       Conj/Hex       18%        3d11      8%          4

Your spell library contained the following spells:

 Spells                   Type           Power      Damage    Failure   Level


Dungeon Overview and Level Annotations

Branches:
Dungeon (7/15)             Temple (0/1) D:5          Bailey (1/1)

Altars:
Ashenzari
Qazlal
Sif Muna
Trog
Uskayaw
Yredelemnul
The Shining One


Innate Abilities, Weirdness & Mutations

You have very sharp teeth.
Your uncanny sense of smell can sniff out nearby items.
Your experience applies equally to all skills.


Message History

HP restored.
You start resting.
Magic restored.
Things that are here:
a +0 arbalest; a +0 ring mail; an orc corpse
Items here: )) [[.
Things that are here:
a +0 arbalest; a +0 scale mail; an orc corpse
Items here: )) [[.
Okay, then.
Things that are here:
a +0 arbalest; a +0 scale mail; an orc corpse Why would you want to do that?
You enter the shallow water.
Moving in this stuff is going to be slow.
Found a gate leading back out of this place.
You enter the shallow water.
Moving in this stuff is going to be slow.
Found a gate leading back out of this place.
An orc warrior comes into view. It is wielding a +0 arbalest.
The orc warrior shouts!
You hear a shout! x2
An orc comes into view. It is wielding a +0 arbalest.
An orc warrior comes into view. It is wielding a +0 arbalest.
The orc warrior shouts!
The orc shoots a bolt.
The bolt closely misses you.
The orc warrior shoots a bolt.
The bolt completely misses you.
You enter the shallow water.
Moving in this stuff is going to be slow.
The orc shoots a bolt.
The bolt hits you but does no damage.
The orc warrior shoots a bolt.
The bolt hits you.
The orc shoots a bolt.
The bolt hits you!
The orc warrior shoots a bolt.
The bolt barely misses you.
The orc warrior shoots a bolt.
The bolt hits you!
An orc warrior comes into view. It is wielding a +0 arbalest.
The orc warrior shoots a bolt.
The bolt misses you.
The orc warrior shoots a bolt.
The bolt hits you!!
The orc warrior shoots a bolt.
The bolt hits you!
The orc warrior shoots a bolt.
The bolt hits you!!
* * * LOW HITPOINT WARNING * * *
The orc warrior shoots a bolt.
The bolt hits you!
You die...

#.....~~~~~~~##
##~
#.....~~~~~~~#
#.....~~~~~~~#
#.....~~~~~~~#
#.....~~~~~~~##
#.....~~~~~~~~#
#.....~~~~~~~~##
#
#.....~~~~~~~~~##
##
#.....~≈≈@≈≈≈~~~#
####~
#.....≈≈#.##≈~~~~
~###~~~~
#.....≈##oo# ~~~~
~~~~~~~~
#.....≈#oo..~ ~~
~~~~~~~~
#.....≈##.##≈~
~~~~~~~~
#.....≈≈### ≈~~
~~~~~~~~ #.....~
≈≈≈ ~~ ~~~~~~~~
... .. ........
........


You could see 3 orc warriors and an orc.

Vanquished Creatures
  Pikel (D:4)
  Prince Ribbit (D:6)
  A troll (D:6)
  Grinder (D:6)
  Sigmund (D:3)
  Menkaure (D:6)
  A water moccasin (D:6)
  5 orc warriors
  2 black bears
  An ogre (D:5)
  3 lemures (D:4)
  A phantom (D:5)
  Blork the orc (D:6)
  A bullfrog (D:6)
  7 scorpions
  4 jellies
  2 hounds
  2 orc priests
  Jessica (D:3)
  4 iguanas
  Natasha (thrice) (D:3)
  5 orc wizards
  16 adders
  A gnoll (D:6)
  7 river rats (D:6)
  2 shadow imps (D:7)
  2 white imps
  An ufetubus (D:5)
  2 worms
  4 dart slugs
  32 orcs
  11 ball pythons
  10 endoplasms
  2 giant cockroaches
  8 hobgoblins
  6 kobolds
  11 quokkas
  3 bats
  2 frilled lizards (D:1)
  14 goblins
  24 rats
207 creatures vanquished.

Vanquished Creatures (others)
  A fulminant prism (D:5)
1 creature vanquished.

Grand Total: 208 creatures vanquished

Notes
Turn   | Place    | Note
-------+----------+-------------------------------------------
     0 | D:1      | croobank the Gnoll Conjurer began the quest for the Orb.
     0 | D:1      | Reached XP level 1. HP: 13/13 MP: 6/6
   444 | D:1      | Reached XP level 2. HP: 11/19 MP: 7/7
   582 | D:1      | Learned a level 2 spell: Searing Ray
   680 | D:1      | Found a faded altar of an unknown god.
   701 | D:1      | Prayed at the altar of an unknown god.
   701 | D:1      | Became a worshipper of the Shining One
   701 | D:1      | Reached * piety under the Shining One
  1240 | D:1      | You fall into a shaft and drop 1 floor!
  1544 | D:2      | Reached skill level 5 in Spellcasting
  1544 | D:2      | Reached XP level 3. HP: 19/25 MP: 0/9
  1553 | D:2      | Learned a level 3 spell: Dazzling Flash
  1683 | D:2      | Reached skill level 1 in Invocations
  1819 | D:2      | Reached skill level 1 in Fighting
  1819 | D:2      | Reached skill level 1 in Short Blades
  1819 | D:2      | Reached skill level 1 in Long Blades
  1819 | D:2      | Reached skill level 1 in Axes
  1819 | D:2      | Reached skill level 1 in Maces & Flails
  1819 | D:2      | Reached skill level 1 in Polearms
  1819 | D:2      | Reached skill level 1 in Staves
  1819 | D:2      | Reached skill level 1 in Ranged Weapons
  1819 | D:2      | Reached skill level 1 in Throwing
  1819 | D:2      | Reached skill level 1 in Armour
  1819 | D:2      | Reached skill level 1 in Shields
  1819 | D:2      | Reached skill level 1 in Unarmed Combat
  1819 | D:2      | Reached skill level 1 in Evocations
  2026 | D:2      | Reached XP level 4. HP: 28/32 MP: 8/11
  2412 | D:2      | Found a shimmering blue altar of Sif Muna.
  2558 | D:3      | Reached skill level 1 in Hexes
  2558 | D:3      | Reached skill level 1 in Summonings
  2558 | D:3      | Reached skill level 1 in Necromancy
  2558 | D:3      | Reached skill level 1 in Translocations
  2558 | D:3      | Reached skill level 1 in Transmutations
  2558 | D:3      | Reached skill level 1 in Fire Magic
  2558 | D:3      | Reached skill level 1 in Ice Magic
  2558 | D:3      | Reached skill level 1 in Air Magic
  2558 | D:3      | Reached skill level 1 in Earth Magic
  2558 | D:3      | Reached skill level 1 in Poison Magic
  2775 | D:3      | Found a basalt altar of Yredelemnul.
  2804 | D:3      | Noticed Jessica
  2813 | D:3      | Killed Jessica
  2814 | D:3      | Reached XP level 5. HP: 37/37 MP: 5/12
  2837 | D:3      | Noticed Natasha
  2843 | D:3      | Killed Natasha
  2858 | D:3      | Noticed Natasha
  2896 | D:3      | Killed Natasha
  3323 | D:3      | Reached ** piety under the Shining One
  3327 | D:3      | Reached XP level 6. HP: 44/44 MP: 9/14
  3404 | D:3      | Learned a level 4 spell: Iskenderun's Mystic Blast
  3422 | D:3      | Learned a level 4 spell: Fulminant Prism
  3447 | D:3      | Noticed Natasha
  3452 | D:3      | Killed Natasha
  3453 | D:3      | Reached skill level 5 in Dodging
  3649 | D:3      | Noticed Sigmund
  3655 | D:3      | Killed Sigmund
  3656 | D:3      | Reached XP level 7. HP: 43/50 MP: 7/15
  4272 | D:4      | Noticed Pikel
  4320 | D:4      | Killed Pikel
  4321 | D:4      | Reached skill level 5 in Stealth
  4321 | D:4      | Reached XP level 8. HP: 11/58 MP: 7/16
  5764 | D:5      | Entered Level 5 of the Dungeon
  5782 | D:5      | Found a broken altar of Ashenzari.
  5803 | D:5      | Found a staircase to the Ecumenical Temple.
  6151 | D:5      | Found a glowing golden altar of the Shining One.
  6151 | D:5      | Found a stormy altar of Qazlal.
  7165 | D:5      | Reached XP level 9. HP: 65/65 MP: 12/18
  7764 | D:6      | Reached skill level 5 in Throwing
  7764 | D:6      | Reached skill level 8 in Conjurations
  7898 | D:6      | Noticed Prince Ribbit
  7912 | D:6      | Killed Prince Ribbit
  8140 | D:6      | Found a large runed translucent door.
  8140 | D:6      | Found a large runed translucent door.
  8203 | D:6      | Noticed Blork the orc
  8210 | D:6      | Killed Blork the orc
  8290 | D:6      | Noticed Menkaure
  8296 | D:6      | Killed Menkaure
  8417 | D:6      | Noticed Grinder
  8426 | D:6      | Reached skill level 5 in Invocations
  8426 | D:6      | Killed Grinder
  8567 | D:6      | Noticed a troll
  8578 | D:6      | Killed a troll
  9832 | D:6      | Found a bloodstained altar of Trog.
  9911 | D:6      | Found a hide-covered altar of Uskayaw.
 10071 | D:7      | Reached *** piety under the Shining One
 10072 | D:7      | Reached skill level 5 in Fighting
 10072 | D:7      | Reached skill level 5 in Short Blades
 10072 | D:7      | Reached skill level 5 in Long Blades
 10072 | D:7      | Reached skill level 5 in Axes
 10072 | D:7      | Reached skill level 5 in Maces & Flails
 10072 | D:7      | Reached skill level 5 in Polearms
 10072 | D:7      | Reached skill level 5 in Staves
 10072 | D:7      | Reached skill level 5 in Ranged Weapons
 10072 | D:7      | Reached skill level 5 in Armour
 10072 | D:7      | Reached skill level 5 in Shields
 10072 | D:7      | Reached skill level 5 in Unarmed Combat
 10072 | D:7      | Reached skill level 5 in Evocations
 10072 | D:7      | Reached XP level 10. HP: 66/74 MP: 9/20
 10144 | D:7      | Found a flagged portal.
 10217 | Bailey   | Entered a bailey
 10627 | Bailey   | Shot with a bolt by an orc warrior

Illustrated notes

Levels and vault maps discovered:
D:1:      dpeg_arrival_shrine, layout_basic,
          hellmonk_ecumenical_altar_slurped_away, serial_glass, glass_columns_b,
          glass_columns_b, glass_columns_c, glass_columns_a, glass_columns_c,
          glass_columns_a, kennysheep_small_spiral
D:2:      layout_basic, basic_altar
D:3:      layout_loops_ring, mainiacjoe_overflow_concentric_impassable,
          uniq_natasha, uniq_sigmund, uniq_jessica
D:4:      layout_cave_pods, uniq_pikel
D:5:      layout_basic, mainiacjoe_overflow_cross_hatched,
          gammafunk_temple_overflow_elements, minmay_temple_entry_glass,
          minmay_misc_feat_ornament, minmay_joined_circles
D:6:      lemuel_ratsnest, layout_basic, jmf_multi_god_temple2,
          uniq_prince_ribbit1, uniq_menkaure, uniq_blork_the_orc, uniq_grinder
D:7:      layout_cave_pools, lemuel_doored_altar, enter_bailey_3,
          minmay_misc_feat_room
Bailey:   bailey_polearm_2, bailey

Skill      XL: |  1  2  3  4  5  6  7  8  9 10 |
---------------+-------------------------------+-----
Spellcasting   | 5 6 7 |  7.3
Invocations    | 1 2 3 4 5 |  5.7
Fighting       | 1 2 3 5 |  5.2
Short Blades   | 1 2 3 5 |  5.2
Long Blades    | 1 2 3 5 |  5.2
Axes           | 1 2 3 5 |  5.2
Maces & Flails | 1 2 3 5 |  5.2
Polearms       | 1 2 3 5 |  5.2
Staves         | 1 2 3 5 |  5.2
Ranged Weapons | 1 2 3 5 |  5.2
Throwing       | 1 2 3 4 6 |  6.7
Armour         | 1 2 3 5 |  5.2
Shields        | 1 2 3 5 |  5.2
Unarmed Combat | 1 2 3 5 |  5.2
Evocations     | 1 2 3 5 |  5.2
Hexes          | 1 2 3 4 |  4.3
Summonings     | 1 2 3 4 |  4.3
Necromancy     | 1 2 3 4 |  4.3
Translocations | 1 2 3 4 |  4.3
Transmutations | 1 2 3 4 |  4.3
Fire Magic     | 1 2 3 4 |  4.3
Ice Magic      | 1 2 3 4 |  4.3
Air Magic      | 1 2 3 4 |  4.3
Earth Magic    | 1 2 3 4 |  4.3
Poison Magic   | 1 2 3 4 |  4.3
Dodging        | 5 6 7 |  7.0
Stealth        | 5 6 |  6.7
Conjurations   | 8 |  8.4

Action                   |  1- 3 |  4- 6 |  7- 9 | 10-12 || total
-------------------------+-------+-------+-------+-------++-------
Melee: Dagger            |    20 |    31 |    73 |     7 ||   131
       Unarmed           |     2 |       |       |       ||     2
       Bite              |     4 |     2 |    15 |     1 ||    22
       Punch             |       |     1 |     1 |     1 ||     3
 Cast: Magic Dart        |    23 |    25 |    58 |     4 ||   110
       Searing Ray       |    13 |    21 |    70 |     9 ||   113
       Iskenderun's Myst |       |       |    22 |     8 ||    30
       Fulminant Prism   |       |       |     1 |       ||     1
       Dazzling Flash    |       |       |     1 |       ||     1
Invok: Divine Shield     |       |       |     3 |       ||     3
Evoke: Wand              |       |       |     2 |       ||     2
  Use: Scroll            |     5 |     2 |    14 |     1 ||    22
       Potion            |       |       |     3 |       ||     3
 Stab: Sleeping          |     1 |       |       |       ||     1
Armor: Robe              |     6 |     6 |    18 |       ||    30
       Ring mail         |       |       |       |     6 ||     6
Dodge: Dodged            |    17 |    24 |    82 |    23 ||   146
Block: Other             |       |       |     4 |       ||     4
